 Dungeon Crawl Stone Soup version 0.29.1-4-g47bece8355 (webtiles) character file.

Game seed: 2657211991080747038

172 GorkyZ the Twirler (level 5, -4/32 HPs)
             Began as a Gargoyle Gladiator on Dec 10, 2022.
             Slain by Edmund
             ... wielding a +0 flail of protection
              (7 damage)
             ... on level 4 of the Dungeon.
             The game lasted 00:07:02 (2565 turns).

GorkyZ the Twirler (Gargoyle Gladiator)             Turns: 2565, Time: 00:07:04

Health: -4/32      AC: 10    Str: 19    XL:     5   Next: 52%
Magic:  5/5        EV: 12    Int:  9    God:
Gold:   183        SH:  0    Dex: 11    Spells: 4/4 levels left

rFire   . . .      SeeInvis .   q - +1 war axe (flame)
rCold   . . .      Faith    .   n - orb {mayhem}
rNeg    + . .      Spirit   .   b - +0 leather armour
rPois   ∞          Reflect  .   c - +0 helmet
rElec   +          Harm     .   p - +0 cloak
rCorr   .          Rampage  .   (no gloves)
Will    .....                   j - +0 pair of boots
Stlth   +.........              (no amulet)
HPRegen 0.10/turn               (no ring)
MPRegen 0.09/turn               (no ring)

@: no status effects
A: sickness immunity, AC +4, negative energy resistance 1, electricity
resistance, torment resistance 1, petrification resistance
a: no special abilities


You were on level 4 of the Dungeon.
You visited 1 branch of the dungeon, and saw 4 of its levels.

You collected 183 gold pieces.

Inventory:

Hand Weapons
 a - a +0 quarterstaff
 q - a +1 war axe of flaming (weapon)
Missiles
 d - a throwing net (quivered)
 e - a javelin
 k - 2 poisoned darts
Armour
 b - a +0 leather armour (worn)
 c - a +0 helmet (worn)
 j - a +0 pair of boots (worn)
 n - an orb of mayhem (worn)
 p - a +0 cloak (worn)
Jewellery
 o - a ring of ice
Scrolls
 f - 3 scrolls of identify
 h - 2 scrolls of teleportation
 i - 2 scrolls of immolation
 m - 2 scrolls of acquirement {unknown}
 r - a scroll of silence {unknown}
 s - a scroll of amnesia
Potions
 g - a potion of berserk rage {unknown}
 l - a potion of resistance {unknown}
 t - 2 potions of attraction {unknown}


   Skills:
 + Level 2.8 Fighting
 + Level 1.2 Axes
 + Level 3.5 Staves
 + Level 2.3 Throwing
 + Level 1.7 Armour
 + Level 2.8 Dodging
 + Level 1.6 Shields
 + Level 1.3 Evocations


You had 4 spell levels left.
You didn't know any spells.
Your spell library contained the following spells:

 Spells                   Type           Power      Damage    Failure   Level
 Freeze                   Ice            0%         1d3       43%         1
 Shock                    Conj/Air       0%         1d3       43%         1
 Frozen Ramparts          Ice            0%         1d1       82%         3
 Hailstorm                Conj/Ice       0%         3d3       99%         4


Dungeon Overview and Level Annotations

Branches:
Dungeon (4/15)
 Temple: D:4-7

Altars:
Qazlal
The Shining One

Annotations:
D:3 3 runed translucent doors, ChadusMaximus's ghost, amateur MiFi
D:4 Edmund


Innate Abilities, Weirdness & Mutations

You are immune to sickness and miasma.
Your stone body is resilient. (AC +4)
You are immune to poison.
You resist negative energy. (rN+)
You are resistant to electric shocks. (rElec)
You are resistant to unholy torment.
You are immune to petrification.


Message History

* * * LOW HITPOINT WARNING * * *
You are too injured to fight recklessly!
You are too injured to fight recklessly!
You are too injured to fight recklessly!
You are too injured to fight recklessly!
Throw: 3 throwing nets
Press: ? - help, Q - select action, (/) - cycle Shift-Dir - straight line, f - Edmund
Aim: Edmund, wielding a +0 flail of protection and wearing a +2 leather armour of willpower (moderately wounded, fast, strong, frenzied and insane, 57% to hit)
You throw a throwing net. The throwing net hits Edmund.
Edmund is caught in the net!
Edmund is moderately wounded.
Edmund struggles against the net.
Edmund struggles against the net. x2
Things that are here:
a +0 dagger; 5 stones; a kobold corpse You strike the helpless Edmund from behind!
You slash Edmund! You burn Edmund.
Edmund is severely wounded.
Edmund struggles against the net.
The net rips apart, and Edmund comes free!
Edmund hits you with a +0 flail of protection.
* * * LOW HITPOINT WARNING * * *
Throw: 2 throwing nets
Press: ? - help, Q - select action, (/) - cycle Shift-Dir - straight line, f/p - Edmund
Aim: Edmund, wielding a +0 flail of protection and wearing a +2 leather armour of willpower (severely wounded, fast, strong, frenzied and insane, 57% to hit)
You throw a throwing net. The throwing net hits Edmund.
Edmund is caught in the net!
Edmund is severely wounded.
Edmund struggles against the net.
You hit Edmund. You burn Edmund.
Edmund is severely wounded.
Edmund struggles against the net. x2
The net rips apart, and Edmund comes free!
You closely miss Edmund.
Edmund is severely wounded.
Edmund hits you with a +0 flail of protection.
* * * LOW HITPOINT WARNING * * *
Edmund closely misses you.
Edmund hits you with a +0 flail of protection!
You die...

#.........#
########.........#
#.)..............###
#..#####............
##.#####........<.##
####.#........####..#
#......######## #.##
#...##..## #.# ...#
##@@# #.# .# ##..#
..# ...# ... #....
... ..#... #>#... ..
.. ##.


You could see the neutral Edmund (fast, strong, insane).

Vanquished Creatures
  An ogre (D:2)
  A gnoll (D:1)
  An adder (D:4)
  3 worms (D:2)
  2 dart slugs (D:3)
  6 ball pythons
  5 endoplasms
  A giant cockroach (D:2)
  3 goblins
  5 hobgoblins
  3 jackals (D:2)
  6 quokkas
  7 bats
  4 kobolds
  2 rats
50 creatures vanquished.

Notes
Turn   | Place    | Note
-------+----------+-------------------------------------------
     0 | D:1      | GorkyZ the Gargoyle Gladiator began the quest for the Orb.
     0 | D:1      | Reached XP level 1. HP: 12/12 MP: 1/1
   325 | D:1      | Reached XP level 2. HP: 17/17 MP: 2/2
   662 | D:1      | Reached XP level 3. HP: 7/22 MP: 3/3
  1159 | D:2      | Reached skill level 1 in Armour
  1459 | D:2      | Reached skill level 1 in Shields
  1482 | D:2      | Reached XP level 4. HP: 27/27 MP: 4/4
  1684 | D:2      | Noticed an ogre
  1692 | D:2      | Killed an ogre
  1693 | D:2      | Reached skill level 1 in Axes
  1693 | D:2      | Reached skill level 1 in Evocations
  1693 | D:2      | Reached XP level 5. HP: 32/32 MP: 5/5
  1936 | D:3      | Found a runed translucent gate.
  1937 | D:3      | Found a runed translucent gate.
  1937 | D:3      | Noticed ChadusMaximus's ghost (amateur MiFi)
  1938 | D:3      | Found a runed translucent gate.
  2112 | D:3      | Found a faded altar of an unknown god.
  2120 | D:3      | Got Plato's Secrets of the Barrage
  2221 | D:3      | Found a stormy altar of Qazlal.
  2308 | D:3      | Found a glowing golden altar of the Shining One.
  2547 | D:4      | Noticed Edmund
  2565 | D:4      | Slain by Edmund

Illustrated notes

Levels and vault maps discovered:
D:1:      dpeg_arrival_stone_temple_mockup, layout_loops_ring,
          grunt_decor_arrowhead
D:2:      layout_loops_ring
D:3:      layout_rooms, mainiacjoe_overflow_surrounded_room,
          nicolae_tso_swordbearing_angel, gammafunk_ghost_split,
          shapermc_ecumenical_altar_rom_forum
D:4:      cheibrodos_pilgrimage, layout_rooms, uniq_ijyb, uniq_edmund,
          uniq_pikel

Skill      XL: |  1  2  3  4 |
---------------+-------------+-----
Throwing       | 2 |  2.3
Armour         | 1 |  1.7
Shields        | 1 |  1.6
Axes           | 1 |  1.2
Evocations     | 1 |  1.3
Fighting       | |  2.8
Staves         | |  3.5
Dodging        | |  2.8

Action                   |  1- 3 |  4- 6 || total
-------------------------+-------+-------++-------
Melee: Quarterstaff      |   103 |    32 ||   135
       War axe           |       |    15 ||    15
Throw: Throwing net      |     1 |     2 ||     3
  Use: Scroll            |       |     4 ||     4
 Stab: Held in net/web   |       |     1 ||     1
Armor: Leather armour    |    45 |    17 ||    62
Dodge: Dodged            |    78 |    37 ||   115
